 Seeded DCSS version 0.31-a0-544-gceb718ecc6 (webtiles) character file.

Game seed: 3826825538972431165 (custom seed)

638 innerfire43 the Grave Robber (level 7, 0/56 HPs)
             Began as a Demonspawn Monk on Aug 15, 2023.
             Slain by Pikel
             ... wielding a +2 whip of electrocution
              (19 damage)
             ... on level 4 of the Dungeon.
             The game lasted 00:03:11 (2151 turns).

innerfire43 the Grave Robber (Demonspawn Monk)      Turns: 2151, Time: 00:03:11

Health: 0/56       AC:  8    Str: 14    XL:     7   Next: 25%
Magic:  7/7        EV: 13    Int: 11    God:
Gold:   261        SH:  4    Dex: 15    Spells: 6/6 levels left

rFire   . . .        e - +3 demon trident (pain)
rCold   . . .        d - orb {light}
rNeg    . . .        b - +0 robe
rPois   .            (no helmet)
rElec   .            (no cloak)
rCorr   .            (no gloves)
SInv    .            (no boots)
Will    .....        (no amulet)
Stlth   +            (no ring)
HPRegen 0.29/turn    (no ring)
MPRegen 0.10/turn

%: no passive effects
@: glowing
A: hooves 1, molten scales 1, icemail 1, condensation shield
a: no special abilities


You were on level 4 of the Dungeon.
You visited 1 branch of the dungeon, and saw 4 of its levels.
You also visited: Ossuary.

You collected 261 gold pieces.

Inventory:

Hand Weapons
 a - a +0 spear
 e - a +3 demon trident of pain (weapon)
Armour
 b - a +0 robe (worn)
 d - an orb of light (worn)
Jewellery
 p - a ring of protection from cold
 t - a ring of see invisible
Scrolls
 f - 2 scrolls of vulnerability {unknown}
 g - a scroll of amnesia {unknown}
 h - 2 scrolls of brand weapon {unknown}
 j - 2 scrolls of identify {unknown}
 k - 7 scrolls of noise
 n - a scroll of torment {unknown}
 q - 2 scrolls of enchant armour {unknown}
 v - a scroll of fog {unknown}
 w - a scroll of enchant weapon {unknown}
 x - a scroll of blinking {unknown}
 y - a scroll of fear {unknown}
Potions
 c - a potion of ambrosia
 i - 2 potions of mutation {unknown}
 l - 3 potions of curing {unknown}
 m - 2 potions of cancellation {unknown}
 o - 4 potions of brilliance {unknown}
 r - a potion of enlightenment {unknown}
 s - 2 potions of invisibility {unknown}
 u - 2 potions of might {unknown}
 z - a potion of haste {unknown}


   Skills:
 + Level 5.0 Fighting
 + Level 4.5 Polearms
 - Level 3.0 Dodging
 * Level 5.5 Necromancy


You had 6 spell levels left.
You didn't know any spells.
Your spell library was empty.

Dungeon Overview and Level Annotations

Branches:
Dungeon (4/15)            Ossuary (visited)
 Temple: D:4-7

Altars:

Annotations:
D:4 Eustachio, Pikel


Innate Abilities, Weirdness & Mutations

You have large cloven feet.
You are partially covered in molten scales. (AC +2)
A meltable icy envelope protects you from harm. (AC +4)
A meltable shield of frost defends you. (SH +4)


Message History

Eustachio blinks!
The lemure barely misses you. The lemure hits you.
Unknown command.
You hit the lemure.
The lemure is lightly wounded.
The bat barely misses you. The bat hits you but does no damage.
The adder closely misses you. The lemure barely misses you.
The lemure hits you but does no damage. The lemure hits you!
Unknown command.
You puncture the lemure! You kick the lemure.
The lemure is severely wounded.
The bat misses you. The adder closely misses you.
The lemure closely misses you. The lemure hits you.
The lemure barely misses you. The adder misses you.
Unknown command.
You puncture the lemure!
You kill the lemure!
That felt strangely unrewarding.
The bat barely misses you. The adder misses you. You block the lemure's attack.
You puncture the lemure! You kick the lemure.
The lemure is moderately wounded.
The bat misses you. The adder closely misses you.
The bat hits you but does no damage. The lemure hits you but does no damage.
The lemure barely misses you. The adder misses you.
Unknown command.
You closely miss Pikel. The bat hits you but does no damage.
The lemure barely misses you. You block the lemure's attack.
Pikel hits you with a +2 whip of electrocution.
The adder closely misses you. You block the bat's attack.
You hit Pikel but do no damage.
Pikel writhes in agony.
You kick Pikel.
Pikel is lightly wounded.
The bat completely misses you. The adder barely misses you.
Pikel hits you with a +2 whip of electrocution.
The lemure hits you but does no damage. The lemure hits you.
You puncture Pikel!
Pikel writhes in agony.
You kick Pikel.
Pikel is heavily wounded.
The bat hits you but does no damage. You block the bat's attack.
The adder barely misses you. The lemure misses you. x2
Pikel hits you with a +2 whip of electrocution!
You are electrocuted!!
You die...

.. #.# .# #.. ##.# . ..
#..# .. #. ##.#
...###.###..############
........................
....#...b.##############
......S@### #
.....#55K.....# # ....
#g@5.....# ## ...
#........# #. #........#
#. #........# #.
#.#.######## #. #. .#
...######. .#.#
#.....##.


You could see Eustachio, Pikel, 3 lemures, an adder, a hobgoblin and a bat
(summoned).

Vanquished Creatures
  Grinder (D:4)
  A centaur (D:4)
  A lemure (D:4)
  2 human zombies (Ossuary)
  An orc priest (D:3)
  Jessica (D:2)
  6 mummies
  Robin (D:2)
  4 adders
  4 gnolls (D:3)
  A worm (D:3)
  A dart slug (D:1)
  5 orcs (D:3)
  4 bats
  8 endoplasms
  3 giant cockroaches (D:1)
  13 goblins
  7 hobgoblins
  2 jackals (D:2)
  4 kobolds
  2 quokkas
  5 ball pythons
  4 frilled lizards
  A goblin zombie (Ossuary)
  3 kobold zombies (Ossuary)
  2 orc zombies (Ossuary)
  6 rats
93 creatures vanquished.

Notes
Turn   | Place    | Note
-------+----------+-------------------------------------------
     0 | D:1      | innerfire43 the Demonspawn Monk began the quest for the
                  | Orb.
     0 | D:1      | Reached XP level 1. HP: 18/18 MP: 1/1
   213 | D:1      | Gained mutation: A meltable shield of frost defends you.
                  | (SH +4) [demonic ancestry]
   213 | D:1      | Reached XP level 2. HP: 24/24 MP: 2/2
   329 | D:1      | Identified a scroll of acquirement
   329 | D:1      | Acquired a +3 demon trident of pain
   625 | D:2      | Gained mutation: You are partially covered in molten
                  | scales. (AC +2) [demonic ancestry]
   625 | D:2      | Reached XP level 3. HP: 29/29 MP: 3/3
   725 | D:2      | Reached skill level 1 in Necromancy
   859 | D:2      | Noticed Robin
   888 | D:2      | Killed Robin
   889 | D:2      | Reached XP level 4. HP: 27/37 MP: 4/4
  1110 | D:2      | Noticed Jessica
  1112 | D:2      | Killed Jessica
  1277 | D:3      | Gained mutation: A meltable icy envelope protects you from
                  | harm. (AC +4) [demonic ancestry]
  1277 | D:3      | Reached XP level 5. HP: 32/42 MP: 5/5
  1758 | D:4      | Noticed a centaur
  1762 | D:4      | Killed a centaur
  1763 | D:4      | Gained mutation: You have large cloven feet. [demonic
                  | ancestry]
  1763 | D:4      | Reached XP level 6. HP: 49/49 MP: 6/6
  1768 | D:4      | Noticed Grinder
  1782 | D:4      | Killed Grinder
  1783 | D:4      | Reached skill level 5 in Necromancy
  1790 | D:4      | Found a sand-covered staircase.
  1796 | D:4      | Reached XP level 7. HP: 51/55 MP: 7/7
  1799 | Ossuary  | Entered an ossuary
  1939 | Ossuary  | Reached skill level 5 in Fighting
  2138 | D:4      | Noticed Eustachio
  2140 | D:4      | Noticed Pikel
  2151 | D:4      | Slain by Pikel

Illustrated notes

Levels and vault maps discovered:
D:1:      roderic_crop_circles_arrival_large, layout_basic
D:2:      layout_basic, minmay_distorted, uniq_robin, uniq_jessica
D:3:      layout_basic, minivault_24, minmay_box_of_dots
D:4:      layout_rooms, nicolae_qazlal_eye_of_the_storm,
          mainiacjoe_overflow_chevrons, minmay_temple_entry_statues_fountains,
          gup_ossuary_entry_pyramid, nicolae_elevator_lobby_asterisk,
          uniq_grinder, uniq_eustachio, uniq_pikel, uniq_duvessa

Skill      XL: |  1  2  3  4  5  6  7 |
---------------+----------------------+-----
Dodging        | 3 |  3.0
Polearms       | 3 4 |  4.5
Necromancy     | 1 2 4 5 |  5.5
Fighting       | 4 5 |  5.0

Action                     |  1- 3 |  4- 6 |  7- 9 || total
---------------------------+-------+-------+-------++-------
  Melee: Spear             |    43 |       |       ||    43
         Demon trident     |    40 |    85 |    53 ||   178
         Kick              |       |     3 |    17 ||    20
    Use: Scroll            |     1 |       |       ||     1
   Stab: Sleeping          |     1 |     1 |       ||     2
 Armour: Robe              |    14 |    12 |    13 ||    39
  Dodge: Dodged            |    42 |    32 |    43 ||   117
  Block: Orb               |     7 |    13 |    12 ||    32

Table legend: (Time is in decaauts)
 A = Elapsed time spent in this place.
 B = Non-inter-level travel time spent in this place.
 C = Inter-level travel time spent in this place.
 D = Time resting spent in this place.
 E = Time spent auto-exploring this place.
 F = Levels seen in this place.
 G = Mean time per level.
                   A        B        C        D        E       F      G
               +--------+--------+--------+--------+--------+-----+--------+
         Total |   2167 |   2138 |     29 |      0 |   1578 |   5 |  433.4 |
       Dungeon |   1877 |   1848 |     29 |      0 |   1425 |   4 |  469.2 |
       Ossuary |    290 |    290 |      0 |      0 |    153 |   1 |  290.0 |
               +--------+--------+--------+--------+--------+-----+--------+

Top non-repeatable levels by time:
     D:1: 620 daAuts
     D:3: 588 daAuts
     D:2: 561 daAuts
 Ossuary: 290 daAuts
     D:4: 107 daAuts
